[Event "Team 45 45 League T27"]
[Site "Internet Chess Club"]
[Date "2005.06.15"]
[Round "1"]
[White "dontforfeit"]
[Black "JDD"]
[Result "0-1"]
[WhiteElo "1897"]
[BlackElo "1628"]
[TimeControl "2700+45"]

1. d4 d5 2. Bf4 Nc6 3. e3 e6 4. c3 Bd6 5. Bg3 Nf6 6. Nd2 Qe7 7. Ngf3 b6 8. Rc1
Na5 9. b4 Nc6 10. Bb5 Bd7 11. Qe2 O-O 12. e4 a6 13. Bxc6 Bxc6 14. e5 Ne4 15.
exd6 cxd6 16. Nxe4 dxe4 17. Nd2 d5 18. O-O Rac8 19. f3 Bb5 20. c4 dxc4 21. Qxe4
c3 22. Qc2 cxd2 23. Qxc8 dxc1=Q 24. Qxc1 Bxf1 25. Qxf1 Qxb4 26. Bf2 Rc8 27. h3
b5 28. Qd3 Qd6 29. Be3 e5 30. Qf5 Qe6 31. Qe4 exd4 32. Qxd4 Qxa2 33. Bd2 Qc4 34.
Qd6 Qc5+ 35. Qxc5 Rxc5 36. Kf2 Rc2 37. Ke3 Rxd2 38. Kxd2 f5 {White resigns} 0-1

[Event "Team 45 45 League T27"]
[Site "Internet Chess Club"]
[Date "2005.06.17"]
[Round "1"]
[White "DeepHmmm"]
[Black "NightShift"]
[Result "1/2-1/2"]
[WhiteElo "2209"]
[BlackElo "2282"]
[TimeControl "2700+45"]

1. d4 d5 2. Nf3 e6 3. c4 Nf6 4. Nc3 c5 5. cxd5 cxd4 6. Qxd4 Nxd5 7. e4 Nxc3 8.
Qxc3 Nc6 9. a3 Bd7 10. Be2 Rc8 11. O-O Na5 12. Qd3 Bc6 13. Be3 Qxd3 14. Bxd3 Nb3
15. Rab1 Bc5 16. Rfe1 O-O 17. Bxc5 Nxc5 18. Bc2 Rfd8 19. Rbc1 Nd3 20. Bxd3 Rxd3
21. Ne5 Rd6 22. f3 Kf8 23. Nxc6 Rdxc6 24. Rxc6 Rxc6 25. Kf2 Ke7 26. Ke3 b5 27.
Rd1 Rc2 28. Rd2 Rxd2 29. Kxd2 Kd6 30. Kd3 g5 31. g3 f6 32. Kd4 a5 33. b4 e5+ 34.
Ke3 a4 35. g4 Ke7 {Game drawn by mutual agreement} 1/2-1/2

[Event "Team 45 45 League T27"]
[Site "Internet Chess Club"]
[Date "2005.06.21"]
[Round "1"]
[White "syy89"]
[Black "indiadar"]
[Result "0-1"]
[WhiteElo "2055"]
[BlackElo "2024"]
[TimeControl "2700+45"]

1. e4 e5 2. Nf3 Nc6 3. Bb5 Nd4 4. Nxd4 exd4 5. Bc4 Nf6 6. e5 d5 7. Bb5+ Nd7 8.
e6 Qe7 9. O-O fxe6 10. Re1 c6 11. Bd3 Qf6 12. c3 Bc5 13. Qg4 O-O 14. Kh1 dxc3
15. dxc3 Bxf2 16. Rf1 Ne5 17. Qh3 Nxd3 18. Qxd3 Qh4 19. Nd2 Bb6 20. Rxf8+ Kxf8
21. Nf3 Qh5 22. Bf4 Bd7 23. Ne5 Be8 24. g4 Qh4 25. Bg3 Qh3 26. Rf1+ Kg8 27. b4
Bc7 28. Qf3 Bd6 29. Nf7 Be7 30. Qf4 Bd7 31. Rf3 Rf8 32. Be1 e5 33. Qe3 Qxg4 34.
Nxe5 Rxf3 35. Nxf3 Bd6 36. Ne5 Qh5 37. Bg3 Bf5 38. Kg1 Be4 39. Nd7 Qh3 40. Qf2
Qxd7 {White resigns} 0-1

[Event "Team 45 45 League T27"]
[Site "Internet Chess Club"]
[Date "2005.06.18"]
[Round "1"]
[White "Ser-Enigma"]
[Black "gracey"]
[Result "0-1"]
[WhiteElo "2037"]
[BlackElo "2132"]
[TimeControl "2700+45"]

1. Nf3 c5 2. g3 Nc6 3. c4 e5 4. Nc3 d6 5. Bg2 Nf6 6. d3 Qa5 7. O-O Be7 8. Ne1
O-O 9. Nc2 Nd4 10. Ne3 Re8 11. Ned5 Nxd5 12. Nxd5 Bg4 13. f3 Bd7 14. e3 Ne6 15.
Bd2 Qa6 16. a3 Rab8 17. f4 exf4 18. gxf4 Bd8 19. f5 Nc7 20. Qh5 Bc6 21. f6 Bxd5
22. fxg7 Re5 23. Rf5 Rxf5 24. Qxf5 Bxg2 25. Kxg2 Kxg7 26. Bc3+ f6 27. Kf2 Kf7
28. Qxh7+ Ke6 29. Qh3+ f5 30. Rg1 Ne8 31. e4 Kd7 32. Qxf5+ Kc7 33. Qf7+ Kb6 34.
e5 Bh4+ 35. Ke3 Qa4 36. exd6 Nxd6 37. Rg6 Bg5+ 38. Kf3 Qd1+ 39. Kg2 Qxd3 40.
Ba5+ Kxa5 41. Qc7+ Ka4 42. Qd7+ Kb3 43. Rxd6 Qe4+ 44. Kg3 Bf4+ 45. Kf2 Be3+ 46.
Ke2 Bg5+ 47. Kd1 Qc2+ 48. Ke1 Bh4+ {White resigns} 0-1

[Event "Team 45 45 League T27"]
[Site "Internet Chess Club"]
[Date "2005.06.20"]
[Round "1"]
[White "azbycx"]
[Black "MiroslavR"]
[Result "1-0"]
[WhiteElo "1845"]
[BlackElo "1994"]
[TimeControl "2700+45"]

1. d4 Nf6 2. c4 g6 3. Nc3 Bg7 4. e4 d6 5. f3 O-O 6. Be3 c5 7. d5 e6 8. e5 dxe5
9. Bxc5 Re8 10. d6 Nc6 11. Nge2 b6 12. Ba3 Na5 13. Ng3 Ba6 14. b3 Nb7 15. Qd2
Bf8 16. Rd1 Qd7 17. Qg5 Kg7 18. Qxe5 Reb8 19. Nce4 Qd8 20. Bb2 h6 21. Nxf6 Bxd6
22. Ne8+ Kf8 23. Nxd6 {Black resigns} 1-0

[Event "Team 45 45 League T27"]
[Site "Internet Chess Club"]
[Date "2005.06.26"]
[Round "1"]
[White "az2112"]
[Black "steve"]
[Result "0-1"]
[WhiteElo "1636"]
[BlackElo "1920"]
[TimeControl "2700+45"]

1. e4 c5 2. Nf3 Nc6 3. Bb5 g6 4. d3 Bg7 5. O-O e5 6. Nc3 d6 7. Bg5 f6 8. Be3 Be6
9. Qd2 Ne7 10. Nh4 O-O 11. Bc4 Qd7 12. Bxe6+ Qxe6 13. f4 exf4 14. Bxf4 g5 15.
Bxg5 fxg5 16. Qxg5 Rxf1+ 17. Rxf1 Rf8 18. Nf5 Nxf5 19. exf5 Kh8 20. Qxg7+ Kxg7
21. fxe6 Nd4 22. Rxf8 Kxf8 23. Ne4 Ke7 24. c3 Nxe6 25. g3 d5 26. Nd2 Kf6 27. Kf2
Kf5 28. h3 h5 29. Nf3 b5 30. Ke3 a5 31. b3 Nc7 32. d4 c4 33. bxc4 bxc4 34. a4
Na8 35. Ne5 Nb6 36. Nc6 Nxa4 37. Kd2 Ke4 38. Nxa5 Kf3 39. g4 hxg4 40. hxg4 Kxg4
41. Nc6 Kf3 42. Ne7 Ke4 43. Ng8 Nb6 44. Nf6+ Kf3 45. Ne8 Nd7 46. Nc7 Nf6 47. Kc2
Ke2 48. Ne6 Nh5 49. Nc7 Nf4 50. Nb5 Ng2 51. Nc7 Ne3+ 52. Kb2 Kd2 {White resigns}
0-1

[Event "Team 45 45 League T27"]
[Site "Internet Chess Club"]
[Date "2005.06.20"]
[Round "1"]
[White "Lizaveta"]
[Black "Cantemir"]
[Result "1/2-1/2"]
[WhiteElo "1518"]
[BlackElo "1662"]
[TimeControl "2700+45"]

1. e4 c5 2. Nf3 Nc6 3. d4 e6 4. dxc5 Bxc5 5. Nc3 Nge7 6. Be3 Bb6 7. Bxb6 Qxb6 8.
b3 O-O 9. Bc4 Nb4 10. O-O Ng6 11. a3 Nc6 12. Nb5 Nce5 13. Nxe5 Nxe5 14. Nd6 Nxc4
15. Nxc4 Qc6 16. Ne5 Qxe4 17. Nxd7 Bxd7 18. Qxd7 Qxc2 19. Qxb7 Rfb8 20. Qd7 Rxb3
21. Rfc1 Rd3 22. Qxf7+ Kxf7 23. Rxc2 Rad8 24. g3 Kf6 25. Rc7 a5 26. Ra7 R8d5 27.
a4 R3d4 28. Ra6 h5 29. Re1 Rd1 30. Rxe6+ Kf5 31. Re3 Rxe1+ 32. Rxe1 Rd4 33. Ra1
Kg4 34. Kg2 g5 35. h3+ Kf5 36. Ra3 g4 37. hxg4+ hxg4 38. f3 Rd2+ 39. Kf1 Rd4 40.
Kf2 Ke5 41. Ke3 Rb4 42. fxg4 Rxg4 43. Kf3 Kf5 44. Kg2 Re4 45. Kh3 Rb4 46. Rf3+
Kg5 47. Ra3 Re4 48. Rd3 Rxa4 49. Rd5+ Kf6 50. g4 Ra1 51. Rb5 a4 52. g5+ Kg6 53.
Kg4 Rg1+ 54. Kf4 a3 55. Rb6+ Kf7 56. Ra6 Ra1 57. g6+ Kg7 58. Kg3 a2 59. Kg2 Kh6
60. Kh2 Kg7 61. Kg2 Kf8 62. Kh2 Ke7 63. Kg2 Kf8 64. Kh2 Kg7 65. Kg2 {Game drawn
by repetition} 1/2-1/2

[Event "Team 45 45 League T27"]
[Site "Internet Chess Club"]
[Date "2005.06.15"]
[Round "1"]
[White "pokerram"]
[Black "moreffee"]
[Result "1-0"]
[WhiteElo "1580"]
[BlackElo "1438"]
[TimeControl "2700+45"]

1. d4 Nf6 2. c4 c5 3. d5 d6 4. Nc3 g6 5. e4 Bg7 6. Be2 Nbd7 7. f4 a6 8. a4 b6 9.
Nf3 h6 10. Qc2 Nf8 11. e5 dxe5 12. fxe5 Ng4 13. O-O Nxe5 14. Bf4 Bf5 15. Qd2
Nxf3+ 16. Bxf3 Ra7 17. Rae1 g5 18. Bg3 Rd7 19. d6 Bd4+ 20. Kh1 e6 21. Bc6 Ng6
22. Bxd7+ Qxd7 23. Rxf5 O-O 24. Rff1 e5 25. Ne2 f5 26. Nxd4 cxd4 27. Bxe5 Nxe5
28. Rxe5 Qxd6 29. Rd5 Qg6 30. Qxd4 f4 31. Rd6 {Black resigns} 1-0

[Event "Team 45 45 League T27"]
[Site "Internet Chess Club"]
[Date "2005.06.18"]
[Round "1"]
[White "pumba"]
[Black "AVEMARIA"]
[Result "1-0"]
[WhiteElo "1500"]
[BlackElo "1549"]
[TimeControl "2700+45"]

1. e4 c5 2. Nc3 Nc6 3. f4 e6 4. Nf3 a6 5. g3 d6 6. Bg2 Qc7 7. O-O Be7 8. d3 Nf6
9. Qe1 O-O 10. h3 Bd7 11. e5 Ne8 12. Bd2 f6 13. exd6 Nxd6 14. Qf2 Nf5 15. Ne4
Ncd4 16. c3 Nxf3+ 17. Qxf3 Bc6 18. Rae1 Qb6 19. Bc1 Nd6 20. Qf2 Nxe4 21. Bxe4
Bxe4 22. Rxe4 Qc6 23. Qe2 e5 24. fxe5 fxe5 25. Rxf8+ Rxf8 26. Rxe5 Bf6 27. Re6
Qd7 28. Bf4 Rc8 29. Qg4 Rc6 30. Rxc6 Qxc6 31. Qe2 Kf7 32. Kf2 Qe6 33. Qh5+ Kg8
34. Qxc5 Qxh3 35. Qd5+ Kf8 36. Qxb7 Qh2+ 37. Ke1 Qg1+ 38. Kd2 Qf2+ 39. Kc1 Qe1+
40. Kc2 Qe2+ 41. Kb3 Qd1+ 42. Kc4 Qa4+ 43. b4 Qxa2+ 44. Kc5 Be7+ 45. Kb6 Qe6+
46. Ka7 a5 47. bxa5 Bc5+ 48. Ka8 {Black resigns} 1-0

[Event "Team 45 45 League T27"]
[Site "Internet Chess Club"]
[Date "2005.06.21"]
[Round "1"]
[White "BenjaminSisko"]
[Black "jantonio"]
[Result "0-1"]
[WhiteElo "1611"]
[BlackElo "1692"]
[TimeControl "2700+45"]

1. e4 d6 2. Nf3 Nf6 3. d3 g6 4. Nbd2 Bg7 5. g3 O-O 6. Bg2 Nc6 7. O-O Rb8 8. c3
b6 9. Re1 Ng4 10. Nc4 Ba6 11. Ne3 Nge5 12. d4 Nd3 13. d5 Nxe1 14. dxc6 Nxg2
{White resigns} 0-1

[Event "Team 45 45 League T27"]
[Site "Internet Chess Club"]
[Date "2005.06.17"]
[Round "1"]
[White "jmc860"]
[Black "Smart"]
[Result "1/2-1/2"]
[WhiteElo "1598"]
[BlackElo "1597"]
[TimeControl "2700+45"]

1. e4 d6 2. d4 Nf6 3. Nc3 g6 4. f4 Bg7 5. Nf3 c5 6. dxc5 Qa5 7. Qd3 Qxc5 8. Be3
Qa5 9. Qb5+ Qxb5 10. Nxb5 Na6 11. Bd3 O-O 12. O-O-O b6 13. a3 Bb7 14. e5 Ng4 15.
Rde1 Bxf3 16. gxf3 Nxe3 17. Rxe3 dxe5 18. fxe5 Bh6 19. Re1 Bxe3+ 20. Rxe3 Nc5
21. Bc4 a6 22. Nc7 Ra7 23. Nd5 b5 24. Be2 Rd8 25. Nb4 Rc7 26. f4 e6 27. h4 h5
28. Na2 Na4 29. b3 Nb6 30. a4 bxa4 31. bxa4 Nxa4 32. Bxa6 Nb6 33. Nc3 Nd5 34.
Nxd5 Rxd5 35. Re2 Rd4 36. Rf2 Ra7 37. Bf1 Raa4 38. c4 Kf8 39. Kb2 Ra7 40. Kc3
Rad7 41. Kb4 Ke8 42. Kc5 Kd8 43. Kb6 Rd2 44. Rxd2 Rxd2 45. c5 Rb2+ 46. Bb5 Rb4
47. c6 Kc8 48. c7 Rxb5+ 49. Kxb5 Kxc7 50. Kc5 Kd7 51. Kb6 Ke7 52. Kc6 Kd8 53.
Kd6 Ke8 54. Kc6 Ke7 55. Kc7 f6 56. Kc6 g5 57. exf6+ Kxf6 58. fxg5+ Kf5 59. Kc5
Ke5 60. Kc4 Kf5 61. Kd4 e5+ 62. Ke3 e4 63. Ke2 Ke5 64. Kf2 Ke6 65. Ke2 Kf5 66.
Ke3 Ke5 {Game drawn by mutual agreement} 1/2-1/2

[Event "Team 45 45 League T27"]
[Site "Internet Chess Club"]
[Date "2005.06.19"]
[Round "1"]
[White "Pilgrim"]
[Black "bondguy01"]
[Result "0-1"]
[WhiteElo "1523"]
[BlackElo "1627"]
[TimeControl "2700+45"]

1. e4 c5 2. Nf3 d6 3. d4 cxd4 4. Nxd4 Nf6 5. Nc3 a6 6. Bg5 e6 7. f4 Qc7 8. Be2
Be7 9. O-O Nc6 10. f5 O-O 11. fxe6 fxe6 12. Bc4 Nxd4 13. Qxd4 b5 14. Bd3 Bd7 15.
Rae1 d5 16. Be3 Ng4 17. e5 Nxe3 18. Rxe3 Bc5 19. Bxh7+ Kxh7 20. Qd3+ Kg8 21.
Nxd5 Bxe3+ 22. Qxe3 Rxf1+ 23. Kxf1 exd5 24. e6 Re8 25. e7 Qd6 26. g4 Rxe7 27.
Qd4 Re4 28. Qa7 Rxg4 29. h3 Rf4+ 30. Ke2 Qe5+ 31. Kd3 Bf5+ 32. Kd2 Rd4+ {White
resigns} 0-1

[Event "Team 45 45 League T27"]
[Site "Internet Chess Club"]
[Date "2005.06.18"]
[Round "1"]
[White "Katzie"]
[Black "Liger"]
[Result "1-0"]
[WhiteElo "1553"]
[BlackElo "1297"]
[TimeControl "2700+45"]

1. e4 e5 2. Nf3 Nc6 3. Bb5 a6 4. Ba4 b5 5. Bb3 Nf6 6. O-O Bc5 7. c3 O-O 8. d4
exd4 9. cxd4 Bb6 10. Nc3 d6 11. Re1 Bg4 12. d5 Bxf3 13. Qxf3 Nd4 14. Qd1 Nxb3
15. Qxb3 Ng4 16. Nd1 Qh4 17. Qg3 Qxg3 18. hxg3 Ne5 19. Be3 Bxe3 20. Nxe3 Rac8
21. Nf5 Rfe8 22. Re2 g6 23. Ne3 c6 24. dxc6 Rxc6 25. Nd5 Kg7 26. Nb4 Rb6 27. Rc2
Nc4 28. b3 Na3 29. Re2 a5 30. Nd3 b4 31. Rc1 Nb5 32. f3 Nc3 33. Rec2 Rc6 34. a3
Ne2+ 35. Rxe2 Rxc1+ 36. Nxc1 bxa3 37. Ra2 d5 38. Rxa3 dxe4 39. fxe4 Rxe4 40. Kf2
{Black resigns} 1-0

[Event "Team 45 45 League T27"]
[Site "Internet Chess Club"]
[Date "2005.06.22"]
[Round "1"]
[White "steve"]
[Black "indiadar"]
[Result "0-1"]
[WhiteElo "1856"]
[BlackElo "2033"]
[TimeControl "2700+45"]

1. e4 e5 2. Nf3 Nc6 3. d4 exd4 4. Bc4 Nf6 5. O-O Nxe4 6. Re1 d5 7. Bxd5 Qxd5 8.
Nc3 Qa5 9. Nxe4 Be6 10. Neg5 O-O-O 11. Nxe6 fxe6 12. Rxe6 Bd6 13. Qe2 Qh5 14.
Bg5 Rdf8 15. Rxd6 cxd6 16. Qe6+ Kb8 17. Bf4 Rd8 18. Bxd6+ Ka8 19. Bc7 Rhe8 20.
Qb3 Rd7 21. Bg3 Qd5 22. Qa4 d3 23. cxd3 Qxd3 24. h3 Re4 25. Qb3 Qxb3 26. axb3
Re2 27. Kh2 Rxb2 28. Rc1 a6 29. Rc3 Ka7 30. Bf4 a5 31. Be3+ Ka6 32. Ne1 Nb4 33.
Nf3 Rc2 34. Ne5 Rd5 35. Bd4 Rxd4 36. Rg3 Re4 37. Nc4 Re7 38. Rg5 b6 39. Na3 Rxf2
40. Nb5 h6 {White resigns} 0-1

[Event "Team 45 45 League T27"]
[Site "Internet Chess Club"]
[Date "2005.06.15"]
[Round "1"]
[White "Ser-Enigma"]
[Black "room-matt"]
[Result "1-0"]
[WhiteElo "2050"]
[BlackElo "1836"]
[TimeControl "2700+45"]

1. e4 e5 2. Nf3 Nc6 3. Bb5 f5 4. Nc3 fxe4 5. Nxe4 d5 6. Nxe5 dxe4 7. Nxc6 Qg5 8.
Qe2 Nf6 9. Nxa7+ Bd7 10. Bxd7+ Nxd7 11. f4 Qxf4 12. d4 Qh4+ 13. g3 Qh3 14. Nb5
O-O-O 15. Bf4 Bb4+ 16. c3 Ba5 17. O-O-O Nf6 18. b4 Bb6 19. a4 Nd5 20. Be5 Rhe8
21. a5 c6 22. axb6 cxb5 23. Qxb5 Qh6+ 24. Kb2 Qc6 25. Qxc6+ bxc6 26. Bxg7 Nxb6
27. Kb3 Rd7 28. Be5 Rde7 29. Rhe1 Nd7 30. Rxe4 Nxe5 31. dxe5 Rxe5 32. Rxe5 Rxe5
33. Rd6 Kc7 34. Rh6 Re7 35. Kc4 Rg7 36. Kd4 Kb6 37. c4 Rd7+ 38. Ke5 Re7+ 39. Re6
Rg7 40. b5 Rg5+ 41. Kf4 Rc5 42. Rxc6+ Rxc6 43. bxc6 Kxc6 44. Kg5 Kd6 45. Kh6 Ke5
46. Kxh7 Kd4 47. g4 {Black resigns} 1-0

[Event "Team 45 45 League T27"]
[Site "Internet Chess Club"]
[Date "2005.06.19"]
[Round "1"]
[White "rph"]
[Black "JaiHanuman"]
[Result "1-0"]
[WhiteElo "1870"]
[BlackElo "1958"]
[TimeControl "2700+45"]

1. d4 d5 2. c4 e6 3. Nc3 Nf6 4. cxd5 exd5 5. Bg5 Nbd7 6. e3 c6 7. Bd3 Bd6 8. Qc2
Qc7 9. Nf3 O-O 10. O-O-O a5 11. h4 b5 12. Rdg1 Be7 13. g4 Nb6 14. Bxf6 Bxf6 15.
Bxh7+ Kh8 16. h5 b4 17. Ne2 a4 18. g5 Be7 19. g6 f6 20. h6 b3 21. Qb1 c5 22.
hxg7+ Kxg7 23. Nf4 cxd4+ 24. Kd1 bxa2 25. Nh5+ Kh6 26. Nf4+ Kg7 27. Qxa2 d3 28.
Nh5+ Kh6 29. Nf4+ Kg7 30. Nh5+ Kh6 31. Nd4 Qe5 32. g7 Qe4 33. Bxe4 {Black
resigns} 1-0

[Event "Team 45 45 League T27"]
[Site "Internet Chess Club"]
[Date "2005.06.19"]
[Round "1"]
[White "donking"]
[Black "chessateer"]
[Result "1/2-1/2"]
[WhiteElo "1805"]
[BlackElo "1822"]
[TimeControl "2700+45"]

1. c4 e5 2. Nc3 Nf6 3. Nf3 Nc6 4. g3 d5 5. cxd5 Nxd5 6. d3 Nxc3 7. bxc3 e4 8.
Ng5 exd3 9. exd3 Be7 10. Ne4 O-O 11. Bg2 f5 12. Nd2 Qxd3 13. Qb3+ Kh8 14. Qc4
Qxc4 15. Nxc4 Bf6 16. Bb2 Re8+ 17. Ne3 Ne5 18. O-O-O c6 19. f4 Nf7 20. Nc2 Be6
21. Kb1 Rad8 22. Nd4 Bc8 23. Rhe1 g6 24. Bf3 Kg7 25. Kc2 Nd6 26. Rxe8 Rxe8 27.
Kb3 Ne4 28. Bxe4 Rxe4 29. a4 c5 30. Nb5 Be6+ 31. Ka3 a6 32. Nc7 Kf7 33. Nxe6
Kxe6 34. Rd2 b5 35. axb5 axb5 36. Kb3 b4 37. c4 Re3+ 38. Ka4 Bxb2 39. Rxb2 Kd6
40. Kb5 Re4 41. Rd2+ Rd4 42. Rxd4+ cxd4 43. Kxb4 Kc6 44. c5 d3 45. Kc3 Kxc5 46.
Kxd3 Kd5 47. h4 h5 48. Ke3 Kc4 49. Ke2 Kd4 {Game drawn by mutual agreement}
1/2-1/2

[Event "Team 45 45 League T27"]
[Site "Internet Chess Club"]
[Date "2005.06.19"]
[Round "1"]
[White "Gregorio"]
[Black "Zillmer"]
[Result "0-1"]
[WhiteElo "2184"]
[BlackElo "2144"]
[TimeControl "2700+45"]

1. e4 e6 2. d4 d5 3. Nd2 Nf6 4. e5 Nfd7 5. Ngf3 c5 6. c3 Nc6 7. Be2 Qb6 8. Qb3
cxd4 9. Qxb6 Nxb6 10. cxd4 f6 11. exf6 gxf6 12. a3 e5 13. dxe5 fxe5 14. Bb5 Bd6
15. O-O Rg8 16. Re1 e4 17. Nf1 Kf7 18. Ng5+ Kg6 19. Bxc6 bxc6 20. Ng3 h6 21. Nh3
Bxh3 22. gxh3 Nc4 23. Kh1 Raf8 24. Re2 Bc5 25. b3 Ne5 26. Be3 Bxe3 27. fxe3 Nd3
28. b4 h5 29. Rg1 Kh6 30. Nf5+ Kh7 31. Rxg8 Rxg8 32. Ne7 Rg7 33. Nxc6 Rc7 34.
Rc2 Ne1 35. Rc3 Rf7 36. Kg1 Nf3+ 37. Kg2 Ne1+ 38. Kg3 Rf3+ 39. Kh4 Kh6 {White
resigns} 0-1

[Event "Team 45 45 League T27"]
[Site "Internet Chess Club"]
[Date "2005.06.20"]
[Round "1"]
[White "Sergio56"]
[Black "gracey"]
[Result "1/2-1/2"]
[WhiteElo "1904"]
[BlackElo "2123"]
[TimeControl "2700+45"]

1. e4 e5 2. Nf3 Nc6 3. Bb5 g6 4. O-O Bg7 5. Nc3 Nd4 6. Bc4 d6 7. Nb5 Be6 8. Bxe6
fxe6 9. Nbxd4 exd4 10. c3 dxc3 11. bxc3 Qd7 12. Rb1 Rb8 13. Qb3 Ne7 14. Ng5 d5
15. Ba3 Bf6 16. Nf3 dxe4 17. Rfe1 exf3 18. Rxe6 Bg5 {Game drawn by mutual
agreement} 1/2-1/2

[Event "Team 45 45 League T27"]
[Site "Internet Chess Club"]
[Date "2005.06.18"]
[Round "1"]
[White "A-Ru"]
[Black "alastorx"]
[Result "1/2-1/2"]
[WhiteElo "1852"]
[BlackElo "1714"]
[TimeControl "2700+45"]

1. d4 e6 2. Nf3 d5 3. e3 Nf6 4. Bd3 c5 5. b3 Nc6 6. Bb2 Bd6 7. O-O Qc7 8. c4
dxc4 9. Bxc4 O-O 10. dxc5 Bxc5 11. Bxf6 gxf6 12. Nc3 Ne5 13. Nb5 Nxf3+ 14. Qxf3
Qe5 15. Rfd1 a6 16. Nd4 Bd6 17. Qh3 Be7 18. Nf3 Qf5 19. Qh4 Qg6 20. Rd4 e5 21.
Bd3 f5 22. Nxe5 Bxh4 23. Nxg6 Bxf2+ 24. Kxf2 fxg6 25. Bc4+ Kg7 26. Rad1 b5 27.
Be2 Ra7 28. Bf3 Rc7 29. R1d2 Rf6 30. Ke2 Rff7 31. Rd6 Rfd7 32. Rxd7+ Bxd7 33.
Kd1 Kf7 34. Rd6 Ra7 35. b4 Ke7 36. Rb6 a5 37. a3 axb4 38. axb4 Ra4 39. Rb7 Kd6
40. Rb6+ Kc7 41. Rb7+ Kc8 42. Kc2 Rxb4 43. Kc3 Rc4+ 44. Kd3 g5 45. Rb6 Rc7 46.
Ra6 Kd8 47. Ra8+ Ke7 48. Rh8 Kf6 49. Rxh7 b4 50. Rh6+ Ke7 51. Rb6 Rc3+ 52. Kd2
Rb3 53. Kc1 Rxe3 54. Rxb4 Kf6 55. Kd2 Re5 56. g3 Be6 57. Rb6 g4 58. Be2 Kg5 59.
Rb7 Kf6 60. Rb8 Bd5 61. Rb6+ Kg5 62. Rb4 Re4 63. Rxe4 Bxe4 64. Ke3 Bc6 65. Bd3
Bd7 66. Bc4 {Game drawn by mutual agreement} 1/2-1/2

[Event "Team 45 45 League T27"]
[Site "Internet Chess Club"]
[Date "2005.06.20"]
[Round "1"]
[White "Egmont"]
[Black "nightly"]
[Result "0-1"]
[WhiteElo "1740"]
[BlackElo "1756"]
[TimeControl "2700+45"]

1. e4 c5 2. Nf3 g6 3. d4 cxd4 4. Nxd4 Nc6 5. c4 Nf6 6. Nc3 d6 7. Be2 Nxd4 8.
Qxd4 Bg7 9. Be3 O-O 10. Qd2 Be6 11. Rc1 Qa5 12. O-O Rfc8 13. b3 a6 14. Bf3 Ng4
15. Nd5 Qxd2 16. Bxd2 Bxd5 17. Bxg4 Be6 18. Bxe6 fxe6 19. a4 Bd4 20. Bc3 Bxc3
21. Rxc3 b5 22. axb5 axb5 23. Rfc1 bxc4 24. bxc4 d5 25. c5 d4 26. Rc4 e5 27. f4
exf4 28. Rxd4 Kf7 29. h4 h6 30. Rc2 Rc6 31. Kh2 Ra3 32. Rdc4 Ke6 33. R4c3 Rxc3
34. Rxc3 Kd7 35. Kh3 h5 36. g4 Re6 37. Rc4 Kc6 38. g5 Re5 39. Kg2 Rxc5 40. Ra4
Kd6 41. Ra6+ Rc6 42. e5+ Kd5 43. Rxc6 Kxc6 44. Kf3 Kd5 45. Kxf4 e6 46. Kf3 Kxe5
47. Ke3 Kf5 48. Kf3 e5 49. Kg3 e4 {White resigns} 0-1

[Event "Team 45 45 League T27"]
[Site "Internet Chess Club"]
[Date "2005.06.18"]
[Round "1"]
[White "patzerchess"]
[Black "Unbeliever"]
[Result "1/2-1/2"]
[WhiteElo "1832"]
[BlackElo "2000"]
[TimeControl "2700+45"]

1. e4 c5 2. Nf3 d6 3. d4 cxd4 4. Nxd4 Nf6 5. Nc3 g6 6. Be3 Bg7 7. f3 O-O 8. Bc4
Nc6 9. Qd2 Bd7 10. Bb3 Qa5 11. O-O-O Rfc8 12. Kb1 Ne5 13. Qf2 b5 14. h4 Nc4 15.
Bc1 Qb6 16. Nd5 Nxd5 17. exd5 a5 18. h5 a4 19. Bxc4 Rxc4 20. Be3 {Game drawn by
mutual agreement} 1/2-1/2

[Event "Team 45 45 League T27"]
[Site "Internet Chess Club"]
[Date "2005.06.19"]
[Round "1"]
[White "Knight77"]
[Black "BronzeAge"]
[Result "1-0"]
[WhiteElo "1827"]
[BlackElo "1814"]
[TimeControl "2700+45"]

1. d4 d5 2. c4 c6 3. e3 dxc4 4. Bxc4 Nf6 5. Nf3 b5 6. Bd3 Bg4 7. O-O e6 8. Nbd2
Nbd7 9. h3 Bh5 10. e4 e5 11. g4 Nxg4 12. hxg4 Bxg4 13. Be2 h5 14. dxe5 f5 15.
exf5 Bxf5 16. Nb3 Qe7 17. Bg5 Qe6 18. Nbd4 Qg6 19. Qd2 Rc8 20. Nh4 {Black
resigns} 1-0

[Event "Team 45 45 League T27"]
[Site "Internet Chess Club"]
[Date "2005.06.17"]
[Round "1"]
[White "adingod"]
[Black "CraigCKlein"]
[Result "1-0"]
[WhiteElo "1848"]
[BlackElo "1788"]
[TimeControl "2700+45"]

1. d4 Nf6 2. Nf3 e6 3. Bg5 d5 4. Nbd2 Be7 5. e3 Nbd7 6. Bd3 c5 7. c3 Qc7 8. Qe2
b6 9. O-O Bb7 10. Rac1 h6 11. Bh4 g5 12. Bg3 Bd6 13. e4 Bxg3 14. fxg3 dxe4 15.
Nxe4 Nxe4 16. Bxe4 Bxe4 17. Qxe4 Rc8 18. d5 Nf6 19. Qe5 Qxe5 20. Nxe5 Nxd5 21.
Nxf7 {Black resigns} 1-0

[Event "Team 45 45 League T27"]
[Site "Internet Chess Club"]
[Date "2005.06.17"]
[Round "1"]
[White "Pilgrim"]
[Black "dondel"]
[Result "0-1"]
[WhiteElo "1535"]
[BlackElo "1681"]
[TimeControl "2700+45"]

1. e4 c6 2. d4 d5 3. Nc3 dxe4 4. Nxe4 Bf5 5. Ng3 Bg6 6. Nf3 e6 7. Bd3 Bxd3 8.
Qxd3 Na6 9. O-O Nb4 10. Qe2 Nf6 11. a3 Na6 12. c3 Bd6 13. Nf5 O-O 14. Nxd6 Qxd6
15. Ne5 Nc7 16. Bg5 Nd7 17. Rad1 h6 18. Nxd7 Qxd7 19. Bf4 Nd5 20. Bg3 Qe7 21. c4
Nf6 22. d5 cxd5 23. cxd5 Rac8 24. Rfe1 Rfe8 25. f3 Nh5 26. Bf2 Qg5 27. Be3 Nf4
28. Bxf4 Qxf4 29. dxe6 Rxe6 30. Qf2 Rxe1+ 31. Qxe1 Qa4 32. Rd2 Qc6 33. Qd1 Re8
34. Rd8 Qb6+ {White resigns} 0-1

[Event "Team 45 45 League T27"]
[Site "Internet Chess Club"]
[Date "2005.06.16"]
[Round "1"]
[White "zota"]
[Black "garethn"]
[Result "0-1"]
[WhiteElo "1875"]
[BlackElo "1850"]
[TimeControl "2700+45"]

1. e4 e5 2. Nf3 Nc6 3. Bb5 Bc5 4. c3 Nge7 5. O-O Bb6 6. d4 exd4 7. cxd4 d5 8.
exd5 Nxd5 9. Re1+ Be6 10. Ng5 O-O 11. Qd3 Nf6 12. Bxc6 bxc6 13. Be3 c5 14. Nxe6
fxe6 15. Qc4 cxd4 16. Qxe6+ Kh8 17. Rd1 Re8 18. Qf5 Qd5 19. Qxd5 Nxd5 20. Bd2
Re2 21. Kf1 d3 22. Be3 Nxe3+ 23. fxe3 Rf8+ 24. Kg1 Bxe3+ 25. Kh1 d2 26. Nc3 Ref2
27. Ne4 Re2 28. Nc3 Ref2 29. Ne4 R2f4 30. Nxd2 Bxd2 31. Rxd2 Rf1+ {White
resigns} 0-1

[Event "Team 45 45 League T27"]
[Site "Internet Chess Club"]
[Date "2005.06.17"]
[Round "1"]
[White "andy4226uk"]
[Black "JSC"]
[Result "1-0"]
[WhiteElo "1872"]
[BlackElo "1830"]
[TimeControl "2700+45"]

1. e4 c6 2. d4 d5 3. f3 Nf6 4. e5 Ng8 5. Bd3 e6 6. f4 c5 7. c3 cxd4 8. cxd4 Qb6
9. Nf3 Nc6 10. Nc3 Bd7 11. Bc2 Rc8 12. Ne2 Bb4+ 13. Kf2 Nge7 14. a3 Ba5 15. b4
Bxb4 16. axb4 Nxb4 17. Ba4 Nec6 18. Ba3 Qa5 19. Rb1 b5 20. Bxb4 Nxb4 21. Qd2
Qxa4 22. Rxb4 Qc2 23. Ra1 Qxd2 24. Nxd2 Rc7 25. Nb3 O-O 26. Nc5 Bc6 27. Nc3 Rfc8
28. Nxb5 Bxb5 29. Rxb5 Kf8 30. Rab1 Ke8 31. Rb8 Kd8 32. Rxc8+ Kxc8 33. Kf3 a5
34. Ra1 Ra7 35. Ke3 Kc7 36. Kd3 Kc6 37. Ke3 Kb5 38. Kd3 a4 39. g4 Kb4 40. Rb1+
Ka5 41. Nxa4 Ra6 42. Nc5 Rb6 43. Rxb6 Kxb6 44. f5 exf5 45. gxf5 Kc6 46. e6 fxe6
47. fxe6 Kd6 48. Ke3 g6 49. Kf4 h6 50. Kg4 {Black resigns} 1-0

[Event "Team 45 45 League T27"]
[Site "Internet Chess Club"]
[Date "2005.06.16"]
[Round "1"]
[White "fernbap"]
[Black "nanning"]
[Result "0-1"]
[WhiteElo "1756"]
[BlackElo "1536"]
[TimeControl "2700+45"]

1. Nf3 Nf6 2. c4 c6 3. g3 d5 4. b3 a6 5. Bg2 b5 6. cxd5 cxd5 7. O-O Bf5 8. Bb2
Nbd7 9. d3 e6 10. Nbd2 Rc8 11. a4 b4 12. Rc1 Bd6 13. Nd4 O-O 14. e4 dxe4 15.
dxe4 Bg4 16. Qe1 Ne5 17. Qe3 Qd7 18. N4f3 Bxf3 19. Nxf3 Nfg4 20. Qe2 Nxf3+ 21.
Bxf3 Be5 22. Bxe5 Nxe5 23. Bg2 a5 24. Qa6 Rc3 {White forfeits on time} 0-1

[Event "Team 45 45 League T27"]
[Site "Internet Chess Club"]
[Date "2005.06.20"]
[Round "1"]
[White "wojozim"]
[Black "allanchs"]
[Result "0-1"]
[WhiteElo "1433"]
[BlackElo "1663"]
[TimeControl "2700+45"]

1. e4 e5 2. f4 d5 3. exd5 e4 4. d3 Nf6 5. dxe4 Nxe4 6. Nf3 Bc5 7. Qe2 Bf5 8. g4
Qxd5 9. Nbd2 Bxg4 10. Nxe4 O-O 11. Nxc5 Bxf3 12. Qe5 Bxh1 13. Bd2 Nc6 14. Qxd5
Bxd5 15. O-O-O Rfe8 16. Bc3 Bf3 17. Rd7 Rad8 18. Bd3 Rxd7 19. Nxd7 b6 20. Bb5
Re6 21. Bxc6 Rxc6 22. Ne5 Rf6 23. Nxf3 Rxf4 24. Nd4 Rf1+ 25. Kd2 Rf2+ 26. Kd3
Rxh2 27. Nb5 h5 28. Nxc7 h4 29. Nd5 h3 30. Ne3 Rf2 31. Nf5 Rxf5 {White resigns}
0-1